[ PARTIDA AOE2 · #495357658 ]
UnrankedJaponeses vs Burgundians
Equipo del jugador · VICT
Equipo rival · DERR
[ ANÁLISIS DE REPETICIÓN · EXTRAÍDO DE LA PARTIDA GRABADA ]
Feudal
10:09
Castillos
21:40
Imperial
34:39
| APM promedio | 43.5 |
| APM pico | 75 |
| eAPM promedio | 23.3 |
| Aldeanos / militares | 102 / 95 |
Foco
⚔️ 35.7% · 🌾 64.3%
Cavalry Archer ×46 · Fishing Ship ×21 · Knight ×14 · Archer ×12 · Militia ×12 · Skirmisher ×5
Feudal
11:04
Castillos
23:00
Imperial
—
| APM promedio | 51.8 |
| APM pico | 100 |
| eAPM promedio | 20.0 |
| Aldeanos / militares | 77 / 90 |
Foco
⚔️ 30.7% · 🌾 69.3%
Archer ×58 · Skirmisher ×23 · Fishing Ship ×12 · Flemish Militia ×7 · Mangonel ×2
Mapa de la partida
Recursos iniciales + cada clic de construcción. Líneas = muros · curvas = relieve. ◆ oro · ⬟ piedra · ● bayas · ✦ reliquia · ◌ hueco del cierre
Tu base· Abierta — flanco sin cerrar
Base de costel98· Abierta — hueco de 5t
Terreno inicial suavizado · ◌ = hueco del cierre detectado · pasá el cursor para detalles
Inputs por minuto
— AOKI_Baobab - - costel98
Build order — AOKI_Baobab
Primeras 150 de 361 acciones detectadas
| 0:00 | Crear | Villager (Male) |
| 0:01 | Crear | Villager (Male) |
| 0:01 | Crear | Villager (Male) |
| 0:02 | Construir | House |
| 0:03 | Construir | House |
| 0:14 | Crear | Villager (Male) |
| 0:14 | Crear | Villager (Male) |
| 1:25 | Crear | Villager (Male) |
| 1:45 | Construir | Lumber Camp |
| 1:49 | Crear | Villager (Male) |
| 2:24 | Crear | Villager (Male) |
| 2:56 | Crear | Villager (Male) |
| 2:58 | Construir | House |
| 3:02 | Crear | Villager (Male) |
| 3:34 | Crear | Villager (Male) |
| 3:46 | Construir | Dock |
| 4:07 | Crear | Villager (Male) |
| 4:12 | Construir | Palisade Wall |
| 4:14 | Construir | Palisade Wall |
| 4:27 | Construir | Palisade Wall |
| 4:39 | Crear | Villager (Male) |
| 4:43 | Crear | Fishing Ship |
| 5:01 | Crear | Villager (Male) |
| 5:09 | Construir | House |
| 5:10 | Construir | Palisade Wall |
| 5:24 | Crear | Villager (Male) |
| 5:25 | Crear | Villager (Male) |
| 5:40 | Crear | Fishing Ship |
| 5:57 | Crear | Villager (Male) |
| 6:15 | Crear | Villager (Male) |
| 6:19 | Crear | Fishing Ship |
| 6:38 | Construir | House |
| 6:58 | Crear | Villager (Male) |
| 6:58 | Investigar | Loom |
| 7:28 | Crear | Fishing Ship |
| 7:45 | Investigar | Feudal Age |
| 8:28 | Construir | Barracks |
| 8:38 | Construir | Mining Camp |
| 9:04 | Crear | Militia |
| 9:04 | Crear | Militia |
| 9:07 | Construir | House |
| 9:10 | Construir | Palisade Wall |
| 9:54 | Crear | Militia |
| 10:09 | Edad | Edad Feudal |
| 10:16 | Crear | Villager (Male) |
| 10:16 | Crear | Villager (Male) |
| 10:18 | Investigar | Double-Bit Axe |
| 10:35 | Investigar | Man-at-Arms (upgrade) |
| 10:35 | Investigar | Man-at-Arms (upgrade) |
| 10:36 | Crear | Villager (Male) |
| 10:47 | Construir | Archery Range |
| 10:57 | Crear | Villager (Male) |
| 11:00 | Construir | House |
| 11:31 | Crear | Villager (Male) |
| 11:32 | Crear | Militia |
| 11:33 | Crear | Militia |
| 11:34 | Crear | Villager (Male) |
| 11:40 | Construir | Dock |
| 11:55 | Crear | Villager (Male) |
| 11:56 | Crear | Archer |
| 11:57 | Crear | Skirmisher |
| 11:58 | Crear | Skirmisher |
| 11:59 | Crear | Villager (Male) |
| 12:02 | Construir | Dock |
| 12:07 | Crear | Villager (Male) |
| 12:11 | Construir | Mill |
| 12:25 | Crear | Militia |
| 12:27 | Crear | Archer |
| 12:28 | Crear | Villager (Male) |
| 12:31 | Construir | Blacksmith |
| 12:40 | Crear | Fishing Ship |
| 12:51 | Construir | House |
| 12:58 | Crear | Archer |
| 13:00 | Crear | Villager (Male) |
| 13:04 | Construir | House |
| 13:14 | Crear | Archer |
| 13:16 | Investigar | Scale Mail Armor |
| 13:21 | Crear | Archer |
| 13:27 | Construir | House |
| 13:39 | Crear | Militia |
| 13:41 | Investigar | Fletching |
| 13:42 | Crear | Villager (Male) |
| 13:54 | Crear | Galley |
| 14:05 | Crear | Militia |
| 14:08 | Crear | Villager (Male) |
| 14:13 | Crear | Fishing Ship |
| 14:29 | Crear | Militia |
| 14:35 | Investigar | Tech 906 |
| 14:43 | Crear | Villager (Male) |
| 14:46 | Crear | Archer |
| 14:48 | Crear | Militia |
| 15:22 | Crear | Villager (Male) |
| 15:22 | Crear | Villager (Male) |
| 15:26 | Crear | Militia |
| 15:27 | Crear | Archer |
| 15:42 | Crear | Villager (Male) |
| 15:48 | Investigar | Padded Archer Armor |
| 15:49 | Crear | Villager (Male) |
| 15:50 | Construir | House |
| 15:51 | Construir | House |
| 15:53 | Crear | Fishing Ship |
| 15:53 | Crear | Fishing Ship |
| 15:54 | Crear | Fishing Ship |
| 15:56 | Construir | House |
| 16:11 | Crear | Villager (Male) |
| 16:14 | Crear | Archer |
| 16:14 | Crear | Archer |
| 16:23 | Construir | Lumber Camp |
| 16:37 | Crear | Villager (Male) |
| 16:48 | Crear | Archer |
| 16:49 | Crear | Militia |
| 17:02 | Construir | Stable |
| 17:12 | Crear | Fishing Ship |
| 17:19 | Crear | Skirmisher |
| 17:25 | Crear | Villager (Male) |
| 17:30 | Construir | House |
| 17:38 | Crear | Fishing Ship |
| 17:53 | Construir | Lumber Camp |
| 18:05 | Crear | Skirmisher |
| 18:05 | Crear | Skirmisher |
| 18:26 | Construir | Market |
| 18:31 | Construir | House |
| 18:39 | Crear | Archer |
| 18:39 | Crear | Archer |
| 18:42 | Construir | House |
| 18:42 | Construir | House |
| 18:45 | Crear | Fishing Ship |
| 18:58 | Construir | Lumber Camp |
| 19:00 | Investigar | Castle Age |
| 19:08 | Investigar | Scale Barding Armor |
| 19:14 | Crear | Scout Cavalry |
| 19:38 | Crear | Scout Cavalry |
| 19:51 | Construir | Archery Range |
| 20:01 | Investigar | Gold Mining |
| 20:07 | Construir | Archery Range |
| 20:11 | Crear | Fishing Ship |
| 20:12 | Crear | Fishing Ship |
| 20:18 | Crear | Fire Galley |
| 21:00 | Investigar | Bloodlines |
| 21:31 | Crear | Fishing Ship |
| 21:40 | Edad | Edad de los Castillos |
| 21:44 | Investigar | Crossbowman (upgrade) |
| 21:50 | Investigar | Bodkin Arrow |
| 21:52 | Construir | Town Center |
| 21:54 | Construir | University |
| 21:56 | Investigar | Bow Saw |
| 22:03 | Crear | Cavalry Archer |
| 22:03 | Crear | Cavalry Archer |
| 22:03 | Crear | Cavalry Archer |
| 22:04 | Crear | Cavalry Archer |
Build order — costel98
Primeras 150 de 297 acciones detectadas
| 0:00 | Crear | Villager (Male) |
| 0:01 | Crear | Villager (Male) |
| 0:01 | Crear | Villager (Male) |
| 0:02 | Construir | House |
| 0:06 | Construir | House |
| 0:14 | Crear | Villager (Male) |
| 1:28 | Crear | Villager (Male) |
| 1:50 | Construir | Lumber Camp |
| 1:56 | Crear | Villager (Male) |
| 2:23 | Crear | Villager (Male) |
| 2:51 | Crear | Villager (Male) |
| 3:07 | Investigar | Double-Bit Axe |
| 3:23 | Crear | Villager (Male) |
| 3:29 | Construir | House |
| 3:47 | Crear | Villager (Male) |
| 4:11 | Crear | Villager (Male) |
| 4:38 | Crear | Villager (Male) |
| 4:39 | Crear | Villager (Male) |
| 4:42 | Construir | Dock |
| 5:06 | Construir | House |
| 5:08 | Construir | Palisade Wall |
| 5:15 | Crear | Villager (Male) |
| 5:26 | Crear | Fishing Ship |
| 5:26 | Crear | Fishing Ship |
| 5:47 | Crear | Villager (Male) |
| 6:10 | Crear | Villager (Male) |
| 6:11 | Crear | Fishing Ship |
| 6:37 | Crear | Fishing Ship |
| 6:43 | Crear | Villager (Male) |
| 6:47 | Crear | Villager (Male) |
| 6:56 | Crear | Fishing Ship |
| 7:09 | Construir | House |
| 7:14 | Investigar | Loom |
| 7:41 | Investigar | Tech 906 |
| 7:44 | Crear | Fishing Ship |
| 8:20 | Crear | Fishing Ship |
| 8:24 | Construir | House |
| 8:47 | Construir | Dock |
| 8:54 | Investigar | Feudal Age |
| 9:17 | Construir | House |
| 9:44 | Construir | Mining Camp |
| 10:02 | Crear | Villager (Male) |
| 10:06 | Construir | Barracks |
| 10:27 | Crear | Villager (Male) |
| 10:35 | Construir | Palisade Wall |
| 10:36 | Construir | Palisade Wall |
| 11:02 | Construir | Palisade Wall |
| 11:03 | Construir | House |
| 11:04 | Edad | Edad Feudal |
| 11:07 | Construir | House |
| 11:10 | Crear | Flemish Militia |
| 11:10 | Crear | Flemish Militia |
| 11:10 | Crear | Flemish Militia |
| 11:12 | Crear | Villager (Male) |
| 11:17 | Construir | House |
| 11:20 | Construir | Palisade Wall |
| 11:24 | Construir | Palisade Wall |
| 11:27 | Construir | House |
| 11:40 | Crear | Flemish Militia |
| 11:41 | Crear | Villager (Male) |
| 11:50 | Construir | Palisade Wall |
| 11:56 | Crear | Villager (Male) |
| 12:14 | Crear | Villager (Male) |
| 12:16 | Investigar | Bow Saw |
| 12:18 | Crear | Fishing Ship |
| 12:18 | Crear | Fishing Ship |
| 12:26 | Construir | Archery Range |
| 12:39 | Crear | Villager (Male) |
| 13:01 | Crear | Flemish Militia |
| 13:02 | Crear | Flemish Militia |
| 13:03 | Crear | Villager (Male) |
| 13:07 | Investigar | Gold Mining |
| 13:12 | Construir | Blacksmith |
| 13:24 | Crear | Skirmisher |
| 13:25 | Crear | Archer |
| 13:46 | Crear | Archer |
| 13:48 | Crear | Villager (Male) |
| 13:50 | Investigar | Scale Mail Armor |
| 14:04 | Construir | Archery Range |
| 14:06 | Crear | Archer |
| 14:08 | Crear | Villager (Male) |
| 14:17 | Construir | House |
| 14:18 | Construir | House |
| 14:29 | Investigar | Fletching |
| 14:40 | Investigar | Gillnets |
| 14:41 | Crear | Fishing Ship |
| 14:55 | Crear | Villager (Male) |
| 15:01 | Crear | Flemish Militia |
| 15:14 | Crear | Archer |
| 15:24 | Crear | Archer |
| 15:44 | Crear | Archer |
| 15:45 | Crear | Villager (Male) |
| 15:46 | Crear | Villager (Male) |
| 15:52 | Crear | Skirmisher |
| 15:52 | Crear | Skirmisher |
| 15:57 | Investigar | Padded Archer Armor |
| 16:12 | Crear | Villager (Male) |
| 16:23 | Construir | Mining Camp |
| 16:28 | Crear | Skirmisher |
| 16:31 | Crear | Villager (Male) |
| 16:37 | Construir | Mill |
| 16:43 | Crear | Archer |
| 16:59 | Crear | Archer |
| 17:00 | Crear | Skirmisher |
| 17:02 | Crear | Villager (Male) |
| 17:10 | Construir | House |
| 17:13 | Crear | Skirmisher |
| 17:14 | Crear | Villager (Male) |
| 17:16 | Investigar | Town Watch |
| 17:19 | Construir | House |
| 17:25 | Crear | Villager (Male) |
| 17:28 | Investigar | Gold Shaft Mining |
| 17:31 | Construir | Mining Camp |
| 17:34 | Construir | House |
| 17:37 | Crear | Archer |
| 17:46 | Construir | Palisade Wall |
| 17:49 | Construir | House |
| 17:56 | Crear | Archer |
| 17:57 | Crear | Villager (Male) |
| 18:02 | Crear | Fishing Ship |
| 18:02 | Crear | Fishing Ship |
| 18:07 | Construir | Lumber Camp |
| 18:18 | Crear | Villager (Male) |
| 18:36 | Construir | Dock |
| 18:51 | Crear | Skirmisher |
| 18:51 | Crear | Skirmisher |
| 18:54 | Investigar | Horse Collar |
| 19:18 | Crear | Archer |
| 19:18 | Crear | Archer |
| 19:46 | Crear | Archer |
| 19:46 | Crear | Archer |
| 19:49 | Construir | Farm |
| 19:50 | Construir | Farm |
| 19:53 | Crear | Villager (Male) |
| 20:07 | Construir | Farm |
| 20:11 | Investigar | Castle Age |
| 20:27 | Crear | Archer |
| 20:27 | Crear | Archer |
| 20:33 | Construir | Archery Range |
| 21:07 | Crear | Villager (Male) |
| 21:16 | Crear | Archer |
| 21:16 | Crear | Archer |
| 21:36 | Crear | Archer |
| 21:36 | Crear | Archer |
| 21:47 | Construir | Palisade Gate |
| 21:56 | Crear | Archer |
| 21:59 | Crear | Villager (Male) |
| 22:14 | Crear | Archer |
| 22:14 | Crear | Archer |
| 22:40 | Construir | Watch Tower |
Cronología de la partida
| 3:46 | AOKI_Baobab · first_building Dock |
| 4:12 | AOKI_Baobab · wall_segment Palisade Wall x1 |
| 4:14 | AOKI_Baobab · wall_segment Palisade Wall x1 |
| 4:27 | AOKI_Baobab · wall_segment Palisade Wall x1 |
| 4:42 | costel98 · first_building Dock |
| 5:08 | costel98 · wall_segment Palisade Wall x1 |
| 5:10 | AOKI_Baobab · wall_segment Palisade Wall x1 |
| 8:28 | AOKI_Baobab · first_building Barracks |
| 9:10 | AOKI_Baobab · wall_segment Palisade Wall x5 |
| 10:06 | costel98 · first_building Barracks |
| 10:09 | AOKI_Baobab · age_up feudal |
| 10:35 | costel98 · wall_segment Palisade Wall x1 |
| 10:36 | costel98 · wall_segment Palisade Wall x1 |
| 10:47 | AOKI_Baobab · first_building Archery Range |
| 11:02 | costel98 · wall_segment Palisade Wall x1 |
| 11:04 | costel98 · age_up feudal |
| 11:20 | costel98 · wall_segment Palisade Wall x1 |
| 11:24 | costel98 · wall_segment Palisade Wall x1 |
| 11:50 | costel98 · wall_segment Palisade Wall x1 |
| 12:26 | costel98 · first_building Archery Range |
| 17:02 | AOKI_Baobab · first_building Stable |
| 17:46 | costel98 · wall_segment Palisade Wall x1 |
| 19:06 | AOKI_Baobab · first_market_buy 100 food |
| 21:40 | AOKI_Baobab · age_up castle |
| 22:41 | AOKI_Baobab · first_market_sell 100 food |
| 23:00 | costel98 · age_up castle |
| 28:02 | AOKI_Baobab · first_building Monastery |
| 28:03 | costel98 · first_building Siege Workshop |
| 29:35 | AOKI_Baobab · first_building Siege Workshop |
| 34:12 | AOKI_Baobab · first_building Castle |
| 34:35 | costel98 · first_building Castle |
| 34:39 | AOKI_Baobab · age_up imperial |
| 34:49 | costel98 · resign |
[ ANÁLISIS IA · 1 CRÉDITO ]
¿Qué pasó realmente en esta partida?
Wolo.gg analiza cada decisión: build order, eco, micro, errores típicos por bracket. Análisis personalizado por WhatsApp o Discord en 30 segundos.
Guía civ
Japoneses
Perfil
AOKI_Baobab